Map: Acropolis LE

Players

Nopret - Winner!

  • Race: Protoss Protoss
  • League: Master
  • Spawn Location: 5:00

Mez

  • Race: Terran Terran
  • League: Master
  • Spawn Location: 11:00

VOD

Have the link to the VOD?

Description

Time

  • Played on: Aug. 12, 2019, 12:15 p.m.
  • Length: 9:09
Show
View Real Time Build Order
Export as new Build Order

Nopret Protoss - Winner!

Build Orders: Double Forge, Blink Stalkers, Zealot Archon 

Get SALT Encoding   

  12  0:00  Probe  
  13  0:13  Probe  
  14  0:20  Pylon  
  14  0:25  Probe  
  15  0:34  Probe  
  15  0:41  Gateway  
  16  0:43  Probe  
  16  0:48  Assimilator  
  17  0:53  Probe  
  18  1:05  Probe  
  19  1:18  Probe  
  20  1:29  Zealot, Cybernetics Core  
  22  1:34  Pylon  
  23  1:45  Nexus  
  22  1:48  Probe  
  23  1:55  Adept  
  23  1:59  Assimilator  
  23  2:00  Probe  
  26  2:12  Probe  
  27  2:19  Warp Gate  
  27  2:24  Probe  
  28  2:36  Probe  
  28  2:48  Probe  
  29  2:56  Sentry  
  29  2:57  Probe x2  
  31  3:02  Twilight Council  
  31  3:05  Probe x2  
  33  3:15  Probe  
  34  3:20  Probe  
  34  3:26  Probe, Nexus  
  35  3:28  Blink  
  35  3:32  Probe  
  37  3:34  Forge  
  37  3:35  Probe  
  38  3:45  Probe  
  38  3:46  Probe  
  38  3:47  Forge  
  40  3:57  Probe  
  40  3:58  Probe  
  42  4:05  Assimilator  
  42  4:06  Protoss Ground Armor Level 1  
  42  4:09  Probe, Protoss Ground Weapons Level 1, Pylon  
  43  4:10  Probe  
  44  4:17  Stalker  
  46  4:24  Pylon  
  46  4:27  Probe x2  
  48  4:37  Robotics Facility  
  48  4:38  Probe, Gateway  
  49  4:40  Gateway  
  49  4:50  Probe  
  49  4:51  Probe x2  
  52  4:58  Probe  
  52  5:01  Pylon  
  52  5:03  Probe x2  
  52  5:06  Probe, Gateway  
  55  5:07  Gateway  
  55  5:08  Pylon  
  56  5:15  Probe x2  
  56  5:19  Observer  
  58  5:23  Probe  
  58  5:27  Probe x2  
  62  5:28  Pylon  
  62  5:31  Charge  
  62  5:35  Probe  
  63  5:36  Pylon  
  63  5:39  Probe, Warp Prism  
  63  5:40  Pylon  
  63  5:41  Pylon  
  64  5:42  Pylon  
  64  5:47  Probe, Pylon  
  67  5:52  Pylon  
  67  5:57  Stalker x3  
  73  6:04  Probe  
  75  6:05  Stalker x2  
  80  6:17  Pylon  
  78  6:19  Warp Prism  
  78  6:20  Protoss Ground Armor Level 2  
  78  6:24  Gateway  
  80  6:25  Gateway  
  80  6:26  Templar Archives, Gateway  
  80  6:28  Protoss Ground Weapons Level 2  
  80  6:44  Zealot x5  
  90  7:01  Nexus  
  90  7:02  Pylon  
  90  7:05  Zealot x5  
  100  7:22  Assimilator  
  100  7:30  High Templar x2  
  100  7:31  Zealot x6  
  116  7:39  Archon, Gateway  
  116  7:41  Gateway  
  116  7:43  Pylon  
  116  7:44  Pylon  
  115  8:11  Zealot x8  
  127  8:33  Zealot x8  
  121  8:43  Zealot x2  
  123  8:52  Zealot x2  
  123  8:53  Zealot, Stalker x3  
Show
View Real Time Build Order
Export as new Build Order

Mez Terran 

Build Orders: Reaper Expand 

Get SALT Encoding   

  12  0:00  SCV  
  13  0:13  SCV  
  14  0:17  Supply Depot  
  14  0:25  SCV  
  15  0:38  SCV  
  15  0:40  Barracks  
  16  0:44  Refinery  
  16  0:51  SCV  
  17  1:03  SCV  
  18  1:15  SCV  
  19  1:31  Reaper, Orbital Command  
  20  1:43  Command Center  
  20  1:56  Bunker  
  20  1:58  SCV  
  21  2:02  Supply Depot  
  21  2:06  Barracks Reactor  
  21  2:14  SCV  
  22  2:31  SCV  
  22  2:33  Command Center  
  23  2:47  Marine  
  23  2:48  SCV, Marine  
  25  2:58  Factory  
  25  3:00  Refinery, SCV  
  26  3:09  Marine  
  26  3:10  Marine  
  28  3:24  SCV  
  29  3:29  Marine x2  
  31  3:45  Widow Mine, SCV  
  31  3:46  Orbital Command  
  31  3:48  Starport  
  34  3:49  Orbital Command  
  34  3:57  SCV  
  34  3:58  Marine  
  34  3:59  Marine  
  37  4:08  Widow Mine  
  37  4:09  SCV  
  40  4:17  SCV x2  
  40  4:19  Marine x2  
  40  4:21  SCV  
  45  4:25  Starport Tech Lab  
  45  4:29  SCV x2  
  47  4:33  SCV, Factory Tech Lab  
  48  4:41  SCV  
  48  4:45  SCV  
  50  4:49  Marine x2  
  50  4:51  Raven  
  50  4:52  Siege Tank  
  57  4:53  SCV, Orbital Command  
  57  4:57  SCV, Barracks x2  
  59  5:05  Refinery, SCV  
  59  5:06  Supply Depot  
  60  5:07  Refinery  
  60  5:10  SCV  
  60  5:13  Supply Depot  
  61  5:24  Engineering Bay  
  61  5:25  Engineering Bay  
  61  5:27  Siege Tank, SCV x3, Marine x2  
  69  5:28  Bunker  
  69  5:39  SCV  
  69  5:40  SCV x2  
  72  5:43  Starport Reactor  
  72  5:52  Terran Infantry Armor Level 1, SCV x2, Barracks, Terran Infantry Weapons Level 1  
  72  5:54  Stimpack, Barracks  
  72  5:55  SCV  
  75  6:04  SCV x2  
  77  6:06  Supply Depot  
  77  6:07  Factory Reactor  
  77  6:08  Supply Depot  
  77  6:24  SCV x3, Marine, Marauder x2  
  85  6:27  Marine, Medivac x2  
  90  6:33  Supply Depot  
  90  6:34  Supply Depot  
  90  6:36  SCV x3  
  90  6:38  Supply Depot  
  92  6:42  Marine  
  92  6:45  Marine x2  
  95  6:49  Barracks Reactor, Barracks Tech Lab  
  95  6:51  Widow Mine x2  
  95  6:52  SCV x2  
  101  6:55  Refinery, SCV  
  101  6:58  Armory  
  102  7:03  Supply Depot  
  102  7:04  SCV x2, Marine x2, Marauder x2, Supply Depot  
  102  7:07  SCV  
  111  7:10  Marauder  
  111  7:11  Medivac  
  111  7:13  Widow Mine  
  111  7:14  Widow Mine  
  118  7:16  SCV  
  118  7:17  Supply Depot  
  118  7:22  SCV x2  
  121  7:24  Refinery  
  121  7:28  SCV, Marine  
  121  7:29  Marine x2, Marauder x2  
  129  7:30  Marine  
  129  7:34  SCV  
  131  7:38  Marauder  
  133  7:46  Marine  
  133  7:50  Marine x3, Marauder x2  
  141  7:55  Medivac x2  
  141  7:56  Ghost Academy  
  145  7:58  Marine  
  145  7:59  Starport  
  136  8:09  Marine x2  
  136  8:10  Marine x2  
  136  8:11  Marauder  
  136  8:12  Marauder  
  144  8:17  Marauder  
  133  8:27  Marine x3  
  133  8:28  Marine  
  133  8:34  Marine x2  
  121  8:38  Marine  
  117  8:45  Marine x4  
  117  8:46  Widow Mine x2  
Tags
 
Add a new tag
Caveats
  • Supply blocks, unpowered buildings, or Contaminate may cause inaccurate times.
  • Supply counts are checked every 10 seconds.